[Event "Titled Tuesday Blitz December 20 Early 2022"]
[White "Patterson, Fheopatrick"]
[Black "Toh, Terry"]
[WhiteFideId "30939364"]
[BlackFideId "5800323"]
[WhiteElo "1497"]
[BlackElo "2394"]
[Result "1-0"]
[Round "08"]
[TimeControl "180+2"]
[Date "2022.12.20"]
[WhiteClock "0:01:49"]
[BlackClock "0:01:52"]

1. c4 e5 2. g3 Nc6 3. Bg2 g6 4. Nc3 Bg7 5. e3 d6 6. Nge2 f5 7. d3 Nf6 8. O-O O-O 9. Rb1 a5 10. a3 Be6 11. Nd5 Qd7 12. f4 Rab8 13. b4 axb4 14. axb4 Ne7 15. Nec3 c6 16. Nxe7+ Qxe7 17. Qb3 Rfc8 18. b5 Qd7 19. bxc6 bxc6 20. Qxb8 Rxb8 21. Rxb8+ Ne8 22. Bd2 exf4 23. gxf4 h6 24. Rfb1 Kh7 25. R1b7 Nc7 26. Ne2 d5 27. Ba5 dxc4 28. Rxc7 Qxd3 29. Bc3 Qxe3+ 30. Kf1 1-0


[Site "https://www.chess.com"]

[Event "Titled Tuesday Blitz December 20 Early 2022"]
[White "Pranav, V"]
[Black "Groz, Jacky"]
[WhiteFideId "25060783"]
[BlackFideId "626643"]
[WhiteElo "2597"]
[BlackElo "2052"]
[Result "1-0"]
[Round "08"]
[TimeControl "180+2"]
[Date "2022.12.20"]
[WhiteClock "0:02:07"]
[BlackClock "0:01:27"]

1. e4 e5 2. Nf3 Nc6 3. Bc4 Bc5 4. c3 Nf6 5. d4 exd4 6. e5 d5 7. Bb5 Ne4 8. cxd4 Bb6 9. Nc3 O-O 10. Be3 Bg4 11. h3 Bh5 12. Be2 f6 13. exf6 Nxc3 14. bxc3 Qxf6 15. O-O Rae8 16. Re1 Ne7 17. Ne5 Bxe2 18. Qxe2 Ng6 19. Nd7 Qf7 20. Nxf8 Rxf8 21. Qg4 c6 22. Re2 Bc7 23. Bd2 Bf4 24. Rae1 Bxd2 25. Rxd2 Nf4 26. g3 h5 27. Qxf4 Qxf4 28. gxf4 Re8 29. Rxe8+ 1-0


[Site "https://www.chess.com"]

[Event "Titled Tuesday Blitz December 20 Early 2022"]
[White "Ruzele, Darius"]
[Black "Midgardsormur"]
[WhiteFideId "12800104"]
[WhiteElo "2531"]
[BlackElo "2460"]
[Result "0-1"]
[Round "08"]
[TimeControl "180+2"]
[Date "2022.12.20"]
[WhiteClock "0:00:46"]
[BlackClock "0:00:39"]

1. e4 c5 2. d4 cxd4 3. c3 dxc3 4. Nxc3 Nc6 5. Nf3 e6 6. Bc4 a6 7. O-O b5 8. Bb3 Na5 9. Bc2 Bb7 10. Bf4 Rc8 11. Qe2 Bc5 12. Rad1 Ne7 13. Bd6 Bxd6 14. Rxd6 Nc4 15. e5 Nxd6 16. exd6 Nd5 17. Ne5 Nxc3 18. bxc3 Qh4 19. Re1 O-O 20. Qd3 g6 21. Re3 Qg5 22. h4 Qxg2# 0-1


[Site "https://www.chess.com"]

[Event "Titled Tuesday Blitz December 20 Early 2022"]
[White "Sanan_Sjugirov"]
[Black "nikitakhoroshev"]
[WhiteElo "2933"]
[BlackElo "2709"]
[Result "1-0"]
[Round "08"]
[TimeControl "180+2"]
[Date "2022.12.20"]
[WhiteClock "0:00:15"]
[BlackClock "0:00:30"]

1. e4 e6 2. d4 d5 3. Nc3 dxe4 4. Nxe4 Nd7 5. Nf3 Ngf6 6. Nxf6+ Nxf6 7. Be3 b6 8. Bb5+ Bd7 9. Bd3 Bd6 10. Ne5 Bxe5 11. dxe5 Nd5 12. Bd2 Qh4 13. O-O Bc6 14. Re1 Nf4 15. Bxf4 Qxf4 16. Re3 Rd8 17. Qe1 h5 18. Qc3 Bd5 19. Qxc7 O-O 20. Qxa7 h4 21. h3 Ra8 22. Qxb6 Rfb8 23. Qc5 Rxb2 24. a3 Rab8 25. Ree1 Qg5 26. Be4 Qxe5 27. Bh7+ Kh8 28. Rxe5 1-0


[Site "https://www.chess.com"]

[Event "Titled Tuesday Blitz December 20 Early 2022"]
[White "Sapon, Ilia"]
[Black "Sokolov, Ivan"]
[WhiteFideId "13504746"]
[BlackFideId "14400030"]
[WhiteElo "2074"]
[BlackElo "2590"]
[Result "1-0"]
[Round "08"]
[TimeControl "180+2"]
[Date "2022.12.20"]
[WhiteClock "0:00:17"]
[BlackClock "0:00:11"]

1. e4 d6 2. d4 Nf6 3. Nc3 g6 4. Be3 Bg7 5. h3 a6 6. g4 h5 7. g5 Nh7 8. f4 f6 9. Bd3 fxg5 10. f5 gxf5 11. Qxh5+ Kf8 12. exf5 Nc6 13. O-O-O Qe8 14. Qf3 Nxd4 15. Qf2 c5 16. Nf3 Nxf3 17. Qxf3 Bxc3 18. bxc3 Qa4 19. h4 g4 20. Bh6+ Ke8 21. Qe3 Qa3+ 22. Kb1 Nf6 23. Bg7 Nd5 24. Qd2 Rg8 25. Bc4 Rxg7 26. Qxd5 Qxc3 27. f6 Qxf6 28. Rhf1 Qe5 29. Qxe5 dxe5 30. Rf8+ 1-0


[Site "https://www.chess.com"]

[Event "Titled Tuesday Blitz December 20 Early 2022"]
[White "Schattmann, Alfred"]
[Black "Nau, Guenter"]
[WhiteFideId "4662377"]
[BlackFideId "4661419"]
[WhiteElo "1746"]
[BlackElo "2205"]
[Result "1-0"]
[Round "08"]
[TimeControl "180+2"]
[Date "2022.12.20"]
[WhiteClock "0:00:57"]
[BlackClock "0:01:02"]

1. c4 Nf6 2. Nf3 g6 3. b3 Bg7 4. Bb2 O-O 5. g3 c5 6. Bg2 Nc6 7. O-O d5 8. cxd5 Nxd5 9. Bxg7 Kxg7 10. Qc1 b6 11. d4 Nxd4 12. Nxd4 cxd4 13. Qc4 e6 14. Qxd4+ Qf6 15. Qxf6+ Kxf6 16. e4 Nc7 17. Rc1 Nb5 18. e5+ Kxe5 19. Bxa8 Nd4 20. Nc3 1-0


[Site "https://www.chess.com"]

[Event "Titled Tuesday Blitz December 20 Early 2022"]
[White "ShahxaibKhan"]
[Black "TheoSlade"]
[WhiteElo "2382"]
[BlackElo "2571"]
[Result "1-0"]
[Round "08"]
[TimeControl "180+2"]
[Date "2022.12.20"]
[WhiteClock "0:02:12"]
[BlackClock "0:00:22"]

1. e4 e5 2. Nf3 Nc6 3. d4 exd4 4. Nxd4 Nf6 5. Nxc6 bxc6 6. e5 Qe7 7. Qe2 Nd5 8. c4 Ba6 9. b3 g6 10. Bb2 Bg7 11. g3 O-O 12. Bg2 Rae8 13. O-O Bxe5 14. Qxe5 Qxe5 15. Bxe5 Rxe5 16. cxd5 Bxf1 17. Kxf1 cxd5 18. Nc3 c6 19. Rd1 Rfe8 20. Bf3 h5 21. h4 Kg7 22. Na4 Kf6 23. Nc5 R5e7 24. Rd4 Re1+ 25. Kg2 R8e7 26. Rf4+ Kg7 27. Ra4 d6 28. Nd3 R1e6 29. Ra6 Rc7 30. Nb4 c5 31. Nxd5 Rd7 32. Nf4 Re1 33. Bc6 Rc7 34. Bb5 Rd1 35. Bc4 Re7 36. Nd5 Rb7 37. Rxd6 Rd2 38. a4 Kf8 39. Rc6 Rb2 40. Rc8+ Kg7 41. Rxc5 Rd7 42. Rc7 Rxc7 43. Nxc7 a5 44. Ne8+ Kf8 45. Nd6 f6 46. Nb7 g5 47. hxg5 fxg5 48. Nxa5 Ke7 49. Nc6+ Kd6 50. Nd4 h4 51. gxh4 gxh4 52. Nf5+ Kc5 53. Nxh4 1-0


[Site "https://www.chess.com"]

[Event "Titled Tuesday Blitz December 20 Early 2022"]
[White "Shankland, Sam"]
[Black "Hsu, Li Yang"]
[WhiteFideId "2004887"]
[BlackFideId "5800080"]
[WhiteElo "2711"]
[BlackElo "2427"]
[Result "0-1"]
[Round "08"]
[TimeControl "180+2"]
[Date "2022.12.20"]
[WhiteClock "0:02:15"]
[BlackClock "0:02:14"]

1. d4 Nf6 2. c4 c5 3. d5 b5 4. cxb5 a6 5. bxa6 Bxa6 6. Nc3 d6 7. e4 Bxf1 8. Kxf1 g6 9. Nf3 Bg7 10. g3 O-O 11. Kg2 Nbd7 12. a4 Qb6 13. Qe2 Rfb8 14. Bd2 Ne8 15. Rhb1 Nc7 16. Ra3 Qa6 17. Qxa6 Rxa6 18. b3 Bxc3 19. Bxc3 Nb5 20. Rba1 Nxc3 21. Nd2 Ne2 0-1


[Site "https://www.chess.com"]

[Event "Titled Tuesday Blitz December 20 Early 2022"]
[White "Shockerlover"]
[Black "Zozik, S. Mohammed"]
[BlackFideId "4803280"]
[WhiteElo "1948"]
[BlackElo "2116"]
[Result "0-1"]
[Round "08"]
[TimeControl "180+2"]
[Date "2022.12.20"]
[WhiteClock "0:00:01"]
[BlackClock "0:00:52"]

1. d4 Nf6 2. Nf3 c5 3. d5 d6 4. c4 g6 5. Nc3 Bg7 6. g3 O-O 7. Bg2 a6 8. O-O e6 9. e4 exd5 10. exd5 Re8 11. Bg5 h6 12. Bf4 Bf5 13. Re1 g5 14. Rxe8+ Nxe8 15. Be3 Nd7 16. Qd2 Nef6 17. h4 g4 18. Ne1 h5 19. Bh6 Ne5 20. Qg5 Bg6 21. b3 Nfd7 22. Qe3 Qf6 23. Bxg7 Kxg7 24. Ne4 Nf3+ 25. Nxf3 Qxa1+ 26. Ne1 Re8 27. Kh2 Qd4 28. Qg5 Rxe4 29. Nc2 Qe5 30. Bxe4 Qxg5 31. hxg5 Bxe4 32. Ne3 Bb1 33. a3 a5 34. Kg2 Ba2 35. f3 gxf3+ 36. Kxf3 Bxb3 37. Nf5+ Kg6 38. Nxd6 Ne5+ 39. Kf4 Nxc4 40. Nxb7 Nxa3 41. d6 Be6 0-1


[Site "https://www.chess.com"]

[Event "Titled Tuesday Blitz December 20 Early 2022"]
[White "Shuvalov, Evgenij"]
[Black "Nithisker, P"]
[WhiteFideId "4187237"]
[BlackFideId "33434786"]
[WhiteElo "2038"]
[BlackElo "2346"]
[Result "0-1"]
[Round "08"]
[TimeControl "180+2"]
[Date "2022.12.20"]
[WhiteClock "0:00:20"]
[BlackClock "0:00:09"]

1. d4 Nf6 2. c4 e6 3. Nc3 Bb4 4. a3 Bxc3+ 5. bxc3 d6 6. f3 Nfd7 7. e4 e5 8. f4 Nc6 9. Nf3 O-O 10. Bd3 b6 11. O-O Ba6 12. Qe2 Qe7 13. a4 Na5 14. c5 Bxd3 15. Qxd3 Nb3 16. Rb1 Nxc1 17. Rbxc1 dxc5 18. dxe5 c4 19. Qxc4 Qc5+ 20. Qd4 Rad8 21. Kh1 a5 22. Rfd1 Qe7 23. Qf2 Nc5 24. Qc2 Rxd1+ 25. Rxd1 Qe8 26. Rd4 Ne6 27. f5 Nxd4 28. cxd4 Qe7 29. h3 Rc8 30. d5 c5 31. d6 Qd7 32. Qc4 Rb8 33. Qd5 Qxa4 34. d7 Rd8 35. e6 Qa1+ 36. Kh2 Qf6 37. e5 Qe7 38. exf7+ Kf8 39. e6 a4 40. Ne5 a3 41. Nc6 a2 42. Qxa2 Qd6+ 43. Kh1 Qxc6 44. Qe2 Qd6 45. f6 gxf6 46. Qe3 Ke7 47. Qh6 Qxe6 48. Qxh7 Qxf7 49. Qe4+ Kxd7 50. Qb7+ Ke8 51. Qe4+ Kf8 52. Qc6 Rd1+ 53. Kh2 Qe7 54. Qc8+ Kf7 55. h4 Qe5+ 56. Kh3 Rh1+ 57. Kg4 Qe4+ 58. Kg3 Qxh4+ 59. Kf3 Rf1+ 60. Ke2 Qe1+ 61. Kd3 Qd1+ 62. Kc4 Qd4+ 63. Kb5 Rb1+ 64. Kc6 Qe4+ 65. Kc7 Qe7+ 66. Kb8 Qe8 67. Qxe8+ Kxe8 0-1


[Site "https://www.chess.com"]

[Event "Titled Tuesday Blitz December 20 Early 2022"]
[White "Sunny_Star"]
[Black "HashtagChess"]
[WhiteElo "2241"]
[BlackElo "1812"]
[Result "1-0"]
[Round "08"]
[TimeControl "180+2"]
[Date "2022.12.20"]
[WhiteClock "0:00:52"]
[BlackClock "0:01:14"]

1. e4 c5 2. Nf3 e6 3. d3 d5 4. exd5 exd5 5. Be2 Nf6 6. O-O Nc6 7. Re1 Be7 8. Bf4 O-O 9. d4 c4 10. Ne5 Re8 11. c3 Bf5 12. b3 Bxb1 13. Rxb1 Ne4 14. Qc2 Nxe5 15. dxe5 b5 16. Bf3 Bg5 17. Bxe4 Bxf4 18. Bxh7+ Kh8 19. Qf5 Bxh2+ 20. Kxh2 Qh4+ 21. Kg1 Qxh7 22. Qxf7 Rxe5 23. Rxe5 Qxb1+ 24. Kh2 1-0


[Site "https://www.chess.com"]

[Event "Titled Tuesday Blitz December 20 Early 2022"]
[White "Tarno, Brian"]
[Black "RamonManon0g"]
[WhiteFideId "10833820"]
[WhiteElo "2169"]
[BlackElo "2372"]
[Result "0-1"]
[Round "08"]
[TimeControl "180+2"]
[Date "2022.12.20"]
[WhiteClock "0:00:01"]
[BlackClock "0:01:43"]

1. e4 c5 2. Nf3 d6 3. Bb5+ Nd7 4. O-O a6 5. Bxd7+ Bxd7 6. c3 Nf6 7. Re1 g6 8. d4 cxd4 9. cxd4 d5 10. e5 Ne4 11. Nbd2 Nxd2 12. Bxd2 Bg7 13. Rc1 O-O 14. h3 Rc8 15. Qb3 Bc6 16. Bc3 Bh6 17. Rcd1 Qd7 18. Bd2 Ba4 19. Qd3 Bxd1 20. Bxh6 Bc2 21. Qd2 Rfe8 22. e6 fxe6 23. Ne5 Qa4 24. Qf4 Rf8 25. Bxf8 Rxf8 26. Qh4 Rf6 27. Rc1 Qxa2 28. Nd7 Rf7 29. Ne5 Rg7 30. Qg4 h5 31. Qxe6+ Kh7 32. Qc8 Qxb2 33. Qxc2 Qxd4 34. Qe2 Qf4 0-1


[Site "https://www.chess.com"]

[Event "Titled Tuesday Blitz December 20 Early 2022"]
[White "The_filthy"]
[Black "AttilaTurzo"]
[WhiteElo "2377"]
[BlackElo "2578"]
[Result "0-1"]
[Round "08"]
[TimeControl "180+2"]
[Date "2022.12.20"]
[WhiteClock "0:00:08"]
[BlackClock "0:00:12"]

1. Nf3 Nf6 2. e3 e6 3. c4 d5 4. Nc3 Be7 5. b3 O-O 6. Bb2 c5 7. cxd5 Nxd5 8. Be2 Nc6 9. O-O b6 10. Rc1 Bb7 11. d4 cxd4 12. Nxd5 Qxd5 13. Bc4 Qe4 14. Bd3 Qd5 15. Bc4 Qa5 16. Nxd4 Qxa2 17. Nxc6 Bxc6 18. Qe2 Qa5 19. Bxe6 Bxg2 20. Qg4 Qg5 21. Qxg5 Bxg5 22. Bxf7+ Rxf7 23. Kxg2 a5 24. f4 Bf6 25. Bxf6 Rxf6 26. Rc7 Rf7 27. Rfc1 Rxc7 28. Rxc7 b5 29. Kf3 a4 30. bxa4 bxa4 31. Rc2 a3 32. Ra2 g6 33. Ke4 Kf7 34. Kd4 Ke6 35. e4 Ra4+ 36. Ke3 h6 37. h4 Kd6 38. Kf3 h5 39. Ke3 Kc5 40. Kd3 Kb4 41. e5 Kb3 42. Ra1 a2 43. e6 Ra6 44. Re1 Rd6+ 0-1


[Site "https://www.chess.com"]

[Event "Titled Tuesday Blitz December 20 Early 2022"]
[White "Tobias_Koelle"]
[Black "Vesper, Horst"]
[BlackFideId "24677159"]
[WhiteElo "2779"]
[BlackElo "2028"]
[Result "0-1"]
[Round "08"]
[TimeControl "180+2"]
[Date "2022.12.20"]
[WhiteClock "0:00:09"]
[BlackClock "0:00:11"]

1. Nf3 Nf6 2. c4 g6 3. Nc3 Bg7 4. e4 d6 5. d4 O-O 6. Be2 e5 7. O-O Nc6 8. d5 Ne7 9. b4 a5 10. Ba3 axb4 11. Bxb4 Ne8 12. a4 c5 13. Ba3 h6 14. Ne1 f5 15. f3 Nf6 16. Nd3 g5 17. Nf2 Ng6 18. exf5 Bxf5 19. Bd3 Bxd3 20. Qxd3 Nf4 21. Qc2 e4 22. Ncxe4 Nxe4 23. Nxe4 Bxa1 24. Rxa1 Qe7 25. Bb2 Rf7 26. Re1 Kf8 27. Qc3 Qe5 28. Qd2 Qe7 29. Qc3 Qe5 30. Qxe5 dxe5 31. Nxc5 Rc8 32. Ne6+ Nxe6 33. dxe6 Rfc7 34. Bxe5 Rxc4 35. Kf2 Rxa4 36. Rb1 Ke7 37. Bg7 Kxe6 38. Bxh6 Rc5 39. Rxb7 Kf5 40. Rb6 Rc2+ 41. Kg3 Raa2 42. Rb5+ Kg6 43. Bxg5 Rxg2+ 44. Kf4 Ra4+ 45. Ke3 Rxg5 46. Rb6+ Kf5 47. Rb5+ Kf6 48. Rb6+ Ke7 49. Rb7+ Kd6 50. f4 Rh5 51. Kf3 Rxh2 52. Kg3 Rc2 53. Rb8 Rcc4 54. Rf8 Ke7 55. Rf5 Ke6 56. Rf8 Ra1 57. Kg4 Rc7 58. Re8+ Kf6 59. Rf8+ Rf7 60. Rb8 Rg7+ 61. Kf3 Ra3+ 62. Ke4 Re7+ 63. Kd4 Ra4+ 64. Kd5 Rxf4 65. Rf8+ Rf7 66. Rh8 Kg7 67. Rh1 R7f5+ 68. Ke6 Ra5 69. Rg1+ Kf8 70. Rh1 Rb4 71. Kd6 Rb6+ 72. Kc7 Rf6 73. Kb7 Re5 74. Rh8+ Kg7 75. Re8 Rxe8 0-1


[Site "https://www.chess.com"]

[Event "Titled Tuesday Blitz December 20 Early 2022"]
[White "Tologon tegin, Semetei"]
[Black "Roman_Ovetchkin"]
[WhiteFideId "13800574"]
[WhiteElo "2372"]
[BlackElo "2702"]
[Result "1-0"]
[Round "08"]
[TimeControl "180+2"]
[Date "2022.12.20"]
[WhiteClock "0:00:13"]
[BlackClock "0:00:12"]

1. e4 c6 2. d4 d5 3. e5 Bf5 4. c4 e6 5. Nc3 Ne7 6. Nf3 Nd7 7. h3 dxc4 8. Bxc4 Nb6 9. Bd3 h6 10. O-O Bxd3 11. Qxd3 Qd7 12. Ne4 Ned5 13. Bd2 a5 14. a3 a4 15. Rac1 Be7 16. Ng3 g6 17. Rfd1 Kf8 18. h4 Kg7 19. Qe4 Nc7 20. Qg4 Nbd5 21. Rc2 Kf8 22. Ne4 Ne8 23. Bc1 Ng7 24. Re2 Nf5 25. g3 h5 26. Qh3 Ra5 27. Rd3 Rb5 28. Qg2 Qc7 29. Nfg5 Qb6 30. Qf3 Rb3 31. Red2 Rxd3 32. Rxd3 Kg7 33. Kg2 Rf8 34. Qd1 Qb5 35. Nf3 Rc8 36. Qe2 c5 37. dxc5 Bxc5 38. Nxc5 Rxc5 39. Bg5 Qc4 40. Qd2 Qg4 41. Bf6+ Kg8 42. Qd1 Qe4 43. Kg1 b6 44. Rd2 Qc4 45. Kg2 Qc1 46. Qe2 Qc4 47. Rd3 Qg4 48. Qd2 Rc4 49. Kh2 Qe4 50. Ng5 Qg4 51. Rxd5 exd5 52. Qxd5 Rc8 53. Qxf7# 1-0


[Site "https://www.chess.com"]

[Event "Titled Tuesday Blitz December 20 Early 2022"]
[White "Truequitos"]
[Black "Korchmar_Vasiliy"]
[WhiteElo "2536"]
[BlackElo "2703"]
[Result "0-1"]
[Round "08"]
[TimeControl "180+2"]
[Date "2022.12.20"]
[WhiteClock "0:00:01"]
[BlackClock "0:00:10"]

1. Nf3 d5 2. d4 Nf6 3. c3 g6 4. Bg5 Bg7 5. Nbd2 c5 6. e3 Nbd7 7. Be2 O-O 8. O-O b6 9. b4 c4 10. b5 Qc7 11. Qc2 e5 12. dxe5 Nxe5 13. Nxe5 Qxe5 14. Bf4 Qe7 15. a4 Bf5 16. Qb2 Nd7 17. Nf3 Nc5 18. Nd4 Bd3 19. Bg3 h5 20. h3 h4 21. Bh2 Bxd4 22. cxd4 Bxe2 23. Qxe2 Nd3 24. a5 bxa5 25. Rxa5 Qb4 26. Rfa1 Nc1 27. Qd1 Nb3 28. R1a4 Qc3 29. Rxa7 Rxa7 30. Rxa7 Qb2 31. Bd6 c3 32. Ba3 c2 33. Qf1 c1=Q 34. Bxb2 Qxb2 35. b6 Nd2 36. Qd1 Qxb6 37. Rd7 Ne4 38. f3 Qe6 39. Ra7 Ng3 40. Qd3 Rb8 41. Ra1 Rb2 42. Re1 Qd6 43. e4 Qb4 44. Rd1 dxe4 45. fxe4 Qa4 46. e5 Qa2 47. Qf3 Rd2 0-1


[Site "https://www.chess.com"]

[Event "Titled Tuesday Blitz December 20 Early 2022"]
[White "Tsigelnitskiy, Ilusha"]
[Black "NowInChess"]
[WhiteFideId "4132971"]
[WhiteElo "2342"]
[BlackElo "2177"]
[Result "1-0"]
[Round "08"]
[TimeControl "180+2"]
[Date "2022.12.20"]
[WhiteClock "0:01:05"]
[BlackClock "0:00:05"]

1. Nf3 Nf6 2. g3 g6 3. b3 Bg7 4. Bb2 O-O 5. Bg2 d6 6. d4 Nbd7 7. O-O e5 8. dxe5 Ng4 9. c4 Ndxe5 10. Nc3 c6 11. Qd2 Qe7 12. Rad1 Rd8 13. Rfe1 Bf5 14. h3 Nxf3+ 15. exf3 Ne5 16. f4 Bh6 17. Qe2 Bg7 18. fxe5 dxe5 19. Rxd8+ Rxd8 20. Rd1 Rxd1+ 21. Nxd1 h5 22. Ne3 Bb1 23. Bc3 h4 24. g4 Qa3 25. Qb2 Qxb2 26. Bxb2 Bxa2 27. b4 Bb3 28. c5 f6 29. Bf1 Kf8 30. Bc4 Bxc4 31. Nxc4 Ke7 32. Nd6 b5 33. cxb6 axb6 34. Nc8+ Ke6 35. Nxb6 Kd6 36. Na4 Kd5 37. Nb6+ Ke4 38. Kf1 Kd3 39. Nd7 Kc4 40. g5 fxg5 41. Bxe5 Bxe5 42. Nxe5+ Kxb4 43. Nxc6+ Kc5 44. Ne7 Kd4 45. Nxg6 Ke4 46. Kg2 Kf5 47. Ne7+ Ke6 48. Nc6 Kd5 49. Kf3 Kxc6 50. Kg4 Kd6 51. Kxg5 Ke5 52. f4+ Ke4 53. f5 Ke5 54. f6 Ke6 55. Kg6 1-0


[Site "https://www.chess.com"]

[Event "Titled Tuesday Blitz December 20 Early 2022"]
[White "UnknownMagician"]
[Black "TokChess"]
[WhiteElo "2635"]
[BlackElo "2504"]
[Result "1/2-1/2"]
[Round "08"]
[TimeControl "180+2"]
[Date "2022.12.20"]
[WhiteClock "0:00:16"]
[BlackClock "0:00:07"]

1. c4 e5 2. Nc3 Nf6 3. g3 Bb4 4. Qc2 O-O 5. Bg2 Re8 6. d3 a5 7. Nf3 Nc6 8. O-O d6 9. e3 h6 10. a3 Bc5 11. b3 Bf5 12. Ne4 Nxe4 13. dxe4 Bh7 14. Bb2 Qf6 15. Nd2 Reb8 16. Nb1 b5 17. Bc3 b4 18. axb4 axb4 19. Rxa8 Rxa8 20. Bb2 Qd8 21. Nd2 Bg6 22. Nf3 Ne7 23. Nh4 Bh7 24. Nf5 Ra5 25. Qd3 Qe8 26. Ra1 Rxa1+ 27. Bxa1 Kf8 28. Bb2 Qa8 29. h4 h5 30. Kh2 g6 31. Nxe7 Kxe7 32. f4 f6 33. Bc1 Bg8 34. Bd2 Qa2 35. Be1 Bf7 36. Bd2 Qb2 37. Be1 Be6 38. Bd2 c6 39. Be1 Bg4 40. Bd2 Bd1 41. Bxb4 Bf3 42. Qd2 Qxd2 43. Bxd2 Bd1 44. Kg1 Bxb3 45. Bf1 Bc2 46. Bg2 Bd3 47. Bf1 Bxe4 48. Kf2 f5 49. Bc3 Ke6 50. Ke2 Bc2 51. Kd2 Bb3 52. Be2 e4 53. Kc1 Ba3+ 54. Kb1 Ba4 55. Ka2 Bc5 56. Kb2 Bxe3 57. Be1 Bc5 58. Kc3 d5 59. cxd5+ cxd5 60. Ba6 Bd7 61. Kb3 Bd4 62. Kb4 Bb6 63. Kb3 Kd6 64. Bb4+ Bc5 65. Be1 d4 66. Kc4 Be6+ 67. Kb5 Bd7+ 68. Kc4 Bc6 69. Ba5 e3 70. Kd3 Be4+ 71. Ke2 Ba7 72. Bb5 Bc6 73. Ba6 Bd5 74. Bb4+ Kc6 75. Ba5 Bc5 76. Bd3 Bb6 77. Bb4 Bc5 78. Ba5 Be4 79. Ba6 Kd5 80. Bb7+ Kd6 81. Ba6 Ba3 82. Bb5 Bb2 83. Ba6 Ba3 84. Bb5 Ke6 85. Bb6 Kd5 86. Ba6 Bc5 87. Ba5 d3+ 88. Bxd3 Bxd3+ 89. Kxd3 e2 90. Kxe2 Ke4 91. Be1 Bd4 92. Bd2 Bg1 93. Be1 Bd4 94. Bd2 Bc5 95. Be1 Bd4 1/2-1/2


[Site "https://www.chess.com"]

[Event "Titled Tuesday Blitz December 20 Early 2022"]
[White "Van der Nat, Nicholas"]
[Black "Mekhitarian, Krikor Sevag"]
[WhiteFideId "14300427"]
[BlackFideId "2107660"]
[WhiteElo "2362"]
[BlackElo "2604"]
[Result "1/2-1/2"]
[Round "08"]
[TimeControl "180+2"]
[Date "2022.12.20"]
[WhiteClock "0:00:01"]
[BlackClock "0:00:04"]

1. c4 c5 2. g3 g6 3. Bg2 Bg7 4. Nc3 Nc6 5. Nf3 e6 6. h4 h6 7. d4 cxd4 8. Nb5 d5 9. cxd5 Qa5+ 10. Kf1 Qxb5 11. dxc6 Qxc6 12. Nxd4 Qd7 13. Be3 Ne7 14. Nb3 O-O 15. Qxd7 Bxd7 16. Bxb7 Rab8 17. Bf3 Bxb2 18. Rd1 Nd5 19. Bxa7 Ra8 20. Bd4 Bxd4 21. Nxd4 Rxa2 22. Kg2 Nf6 23. Ra1 Rxa1 24. Rxa1 Rb8 25. Ra8 Rxa8 26. Bxa8 Kf8 27. Bf3 Ke7 28. e3 Kd6 29. Kf1 e5 30. Nc2 Ba4 31. Ne1 Bb5+ 32. Be2 Bc6 33. Bf3 Ba4 34. Be2 Ne4 35. Nf3 f5 36. Ke1 Ke6 37. Nd2 Nc3 38. Bc4+ Kf6 39. f4 Bc6 40. Bb3 e4 41. Kf2 Bb5 42. Ke1 Bd3 43. Kf2 Bb5 44. Nc4 Bxc4 45. Bxc4 Na4 46. Bb5 Nc5 47. Ke2 g5 48. hxg5+ hxg5 49. Bc6 g4 50. Bb5 Ne6 51. Bc4 Ng7 52. Ba6 Ke7 53. Bc8 Kd6 54. Ba6 Kc7 55. Bb5 Kb6 56. Bc4 Kc5 57. Ba6 Kd6 58. Bc8 Ke7 59. Ba6 Kf6 60. Bc8 Nh5 61. Kf2 Ng7 62. Bd7 Ke7 63. Bc8 Kd8 64. Ba6 Ne8 65. Ke2 Nd6 66. Kd2 Kc7 67. Kc3 Kb6 68. Be2 Kc5 69. Bf1 Nc8 70. Ba6 Nb6 71. Bf1 Nd5+ 72. Kd2 Kb4 73. Be2 Nb6 74. Ba6 Kb3 75. Bb5 Kb2 76. Ba6 Ka3 77. Bb5 Kb4 78. Be8 Nc4+ 79. Ke2 Nd6 80. Bd7 Kc3 81. Be6 Kc2 82. Bd7 Kc3 83. Be6 Kb4 84. Bd7 Kc5 85. Be6 Kb6 86. Bd7 Kc7 87. Ba4 Nb7 88. Bb3 Kd6 89. Ba4 Nc5 90. Be8 Ke7 91. Bb5 Nb7 92. Ba6 Nc5 93. Bc8 Kf6 94. Kd2 Nd3 95. Ke2 Nb2 96. Kd2 Nc4+ 97. Ke2 Nb6 98. Ba6 Nd5 99. Kf2 Nc3 1/2-1/2


[Site "https://www.chess.com"]

[Event "Titled Tuesday Blitz December 20 Early 2022"]
[White "VincentKeymer"]
[Black "Zhigalko_Sergei"]
[WhiteElo "2980"]
[BlackElo "2876"]
[Result "1/2-1/2"]
[Round "08"]
[TimeControl "180+2"]
[Date "2022.12.20"]
[WhiteClock "0:00:03"]
[BlackClock "0:00:04"]

1. Nf3 Nf6 2. c4 e6 3. Nc3 Bb4 4. Qc2 O-O 5. a3 Bxc3 6. Qxc3 d6 7. b4 e5 8. Bb2 Re8 9. e3 b6 10. Be2 c5 11. d3 Nc6 12. h3 h6 13. O-O Bb7 14. Rab1 Rc8 15. Ba1 Qd7 16. Rfd1 Qc7 17. Qb2 Rcd8 18. Qa2 Qc8 19. Qb3 Qc7 20. Nd2 Ne7 21. bxc5 dxc5 22. a4 Rb8 23. a5 Bc6 24. axb6 axb6 25. Bb2 Ng6 26. Nf3 e4 27. dxe4 Nxe4 28. Bf1 Qc8 29. Nd2 Qf5 30. Nxe4 Bxe4 31. Qc3 f6 32. Ra1 Nh4 33. Ra7 Bxg2 34. Rdd7 Bb7 35. Raxb7 Rxb7 36. Rxb7 Qg6+ 37. Kh1 Qe4+ 38. Kh2 Qxb7 39. Qd3 Nf3+ 40. Kg3 Ng5 41. Qf5 Ne4+ 42. Kh2 Qc7+ 43. Kg1 Nd6 44. Qf4 Rc8 45. Bd3 Nf7 46. Qg4 Ne5 47. Bxe5 fxe5 48. Be4 Rd8 49. Bd5+ Kh8 50. Be4 Qd7 51. Qg6 Kg8 52. Bd5+ Kf8 53. Qxb6 Qe7 54. Qg6 Rd6 55. Qf5+ Ke8 56. Qc8+ Qd8 57. Qxc5 Qd7 58. Qb4 Ke7 59. Kg2 Qf5 60. Qb7+ Rd7 61. Qc6 Qg5+ 62. Kf1 Qf5 63. Kg2 Qg5+ 64. Kf1 Qf6 65. Qc5+ Qd6 66. Qa5 Qg6 67. Qb4+ Qd6 68. Qa4 Rc7 69. Qa2 Qd7 70. Qe2 Qxh3+ 71. Ke1 Qf5 72. Kf1 Qb1+ 73. Kg2 Qg6+ 74. Kf1 Ra7 75. Qb2 Qd6 76. Kg2 Rc7 77. Qb5 Qd7 78. Qb4+ Qd6 79. Qb1 h5 80. Kh2 Qf6 81. Kg2 Qg5+ 82. Kf1 Qg4 83. Qb8 Qh3+ 84. Ke2 Qd7 85. Qb4+ Qd6 86. Qb8 h4 87. Qg8 Qf6 88. Qb8 Qd6 89. Qg8 Qg6 90. Qb8 Qg4+ 91. Kd2 Qc8 92. Qb4+ Rc5 93. Qb6 h3 94. Qg6 Rxd5+ 95. cxd5 Qh8 96. Qe6+ Kd8 97. Qd6+ Kc8 98. Qc6+ Kb8 99. Qb6+ Ka8 100. Qa6+ Kb8 101. Qb6+ Ka8 102. Qa6+ Kb8 103. Qb6+ 1/2-1/2


[Site "https://www.chess.com"]

[Event "Titled Tuesday Blitz December 20 Early 2022"]
[White "Vsevolod_Ovchinnikov"]
[Black "romulocardoso"]
[WhiteElo "2557"]
[BlackElo "2390"]
[Result "1-0"]
[Round "08"]
[TimeControl "180+2"]
[Date "2022.12.20"]
[WhiteClock "0:00:12"]
[BlackClock "0:00:16"]

1. d4 Nf6 2. c4 e6 3. g3 Bb4+ 4. Bd2 Qe7 5. Bg2 O-O 6. e4 Bxd2+ 7. Qxd2 d5 8. e5 Ne4 9. Bxe4 dxe4 10. Nc3 Qb4 11. b3 Rd8 12. Nxe4 Qxd2+ 13. Kxd2 Rxd4+ 14. Ke3 c5 15. Nxc5 Rd8 16. Ne2 b6 17. Ne4 Bb7 18. Rhd1 Nd7 19. f4 f6 20. exf6 Bxe4 21. Kxe4 Nxf6+ 22. Kf3 Re8 23. h3 e5 24. f5 Rad8 25. g4 e4+ 26. Ke3 b5 27. cxb5 Nd5+ 28. Kf2 Nb4 29. Rxd8 Rxd8 30. a3 Nc2 31. Rc1 Nxa3 32. Ke3 Rd3+ 33. Kxe4 Rxb3 34. Rc8+ Kf7 35. Rc7+ Kf6 36. Rc6+ Kg5 37. Nd4 Rb4 38. Ke5 Nxb5 39. Ne6+ Kh4 40. Nxg7 Nd4 41. Rd6 Nf3+ 42. Kf6 a5 43. Ne6 a4 44. Ra6 Nd2 45. g5 Nc4 46. Kg7 a3 47. f6 Ne5 48. f7 Nxf7 49. Kxf7 Kxh3 50. Rxa3+ Kh4 51. Kf6 Rb6 52. Ra1 Kg4 53. Rh1 Rb7 54. Rh6 Ra7 55. Rh1 Rb7 56. Rc1 Ra7 57. Rc7 Rxc7 58. Nxc7 Kh5 59. Ne6 Kg4 60. Nf8 Kh5 61. Nxh7 Kg4 62. Nf8 Kf4 63. g6 Ke4 64. g7 Kd3 65. g8=Q Kc2 66. Qd5 Kb2 67. Ke5 Kb1 68. Qg2 Kc1 69. Kd4 Kb1 70. Kc3 1-0


[Site "https://www.chess.com"]

[Event "Titled Tuesday Blitz December 20 Early 2022"]
[White "WhiteKnight2612"]
[Black "googlegoom"]
[WhiteElo "2753"]
[BlackElo "2581"]
[Result "0-1"]
[Round "08"]
[TimeControl "180+2"]
[Date "2022.12.20"]
[WhiteClock "0:01:12"]
[BlackClock "0:01:04"]

1. e4 c5 2. d4 cxd4 3. c3 Nf6 4. e5 Nd5 5. cxd4 d6 6. exd6 Qxd6 7. Nc3 Nc6 8. Nf3 Bg4 9. Be2 e6 10. O-O Be7 11. h3 Bh5 12. Be3 O-O 13. Rc1 Rac8 14. Nd2 Bxe2 15. Qxe2 Rfd8 16. Nde4 Qb8 17. Qh5 Nf6 18. Nxf6+ Bxf6 19. d5 Bxc3 20. dxc6 Bxb2 21. Rb1 Bf6 22. Rxb7 Qd6 23. Qxf7+ Kh8 24. Rc1 Be5 25. Bh6 Qd1+ 0-1


[Site "https://www.chess.com"]